Diables vs Tamiflu
Created - 2 mai 2016 at 18:59
Goals
|
| Diables |
1 |
1 |
3 |
5 |
| Tamiflu |
2 |
1 |
0 |
3 |
|
Shots
|
| Diables |
11 |
6 |
18 |
35 |
| Tamiflu |
13 |
11 |
11 |
35 |
|
1st period
1. Diables , Tyler Bozak 52 (Damien Brunner, Dustin Kohn) at 6:28 (PP)
2. Tamiflu , Mattias Tedenby 22 (Petr Pohl, Johan Fransson) at 10:15
3. Tamiflu , Tye McGinn 28 (Greg Mauldin, Petr Pohl) at 16:04
Penalties :
Tye McGinn (Det) for Goalie Interference (Minor) at 5:44, Kyle Lawson (Det) for Slashing (Minor) at 18:15
2nd period
4. Diables , Brandon Prust 46 (Damien Brunner, Tomas Kubalik) at 10:07
5. Tamiflu , Greg Mauldin 48 (Petr Pohl) at 17:41
Penalties :
Petr Pohl (Det) for Hooking (Minor) at 5:33
3rd period
6. Diables , Lukas Krajicek 12 (Benn Ferriero) at 0:57
7. Diables , Tyler Bozak 53 (Kellan Lain) at 14:16 (PP)
8. Diables , Craig Smith 26 (Damien Brunner, Lukas Krajicek) at 14:32
Penalties :
Jared Cowen (Alm) for Holding (Minor) at 4:05, Jonathan Sigalet (Det) for Fighting (Major) at 10:41, Brandon Prust (Alm) for Fighting (Major) at 10:41, Justin Braun (Det) for Goalie Interference (Minor) at 13:59, Johan Fransson (Det) for Slashing (Double Minor) at 17:07
Goalie Stats
Marek Mazanek (Alm), 32 saves from 35 shots - (0,914), W, 5-3-0, 60:00 minutes
Thomas Greiss (Det), 30 saves from 35 shots - (0,857), L, 11-13-2, 60:00 minutes
Players Stats for Diables
Player Name G A P +/- PIM S H SB GA TA FO MP PP MP PK MP
------------------------------------------------------------------------------------
Benn Ferriero 0 1 1 0 0 2 1 0 0 1 0/0 11:49 2:54 0:00
Brandon Prust 1 0 1 0 5 2 2 1 0 0 1/2 17:53 2:54 0:00
Brian Dumoulin 0 0 0 0 0 0 0 0 0 0 0/0 6:01 0:00 0:33
Craig Smith 1 0 1 0 0 4 2 0 0 0 3/9 14:49 2:54 0:00
Damien Brunner 0 3 3 1 0 2 2 1 0 2 0/0 23:02 4:25 1:39
Dustin Kohn 0 1 1 -1 0 1 0 0 1 1 0/0 20:54 4:23 0:55
Jamie Arniel 0 0 0 0 0 2 1 0 1 2 6/15 15:49 0:00 1:39
Jared Cowen 0 0 0 1 2 1 0 2 1 1 0/0 24:46 4:47 0:00
Josh Meyers 0 0 0 0 0 0 1 0 0 0 0/0 6:22 0:54 0:00
Kellan Lain 0 1 1 0 0 5 0 0 1 0 0/1 18:58 4:25 0:20
Lukas Krajicek 1 1 2 1 0 3 1 3 0 2 0/0 23:40 2:49 0:55
Matt Jones 0 0 0 0 0 0 1 2 0 0 0/0 10:14 0:00 1:04
Pavel Valentenko 0 0 0 0 0 0 0 0 1 0 0/0 9:41 0:00 0:31
Pierre-Cédric Labrie 0 0 0 -1 0 0 0 0 1 0 0/0 10:54 0:32 0:00
Riley Sheahan 0 0 0 0 0 4 0 0 0 0 1/3 8:51 0:00 0:00
Steve Quailer 0 0 0 0 0 0 1 0 2 0 0/1 14:08 0:00 0:00
Taylor Beck 0 0 0 0 0 1 2 0 0 0 0/0 9:23 0:32 0:00
Tomas Kubalik 0 1 1 -1 0 3 1 0 0 0 0/0 10:54 0:32 0:13
Tyler Bozak 2 0 2 1 0 5 0 1 1 1 15/30 21:28 4:25 0:07
Tyler Cuma 0 0 0 -1 0 0 0 2 0 1 0/0 18:23 2:49 0:00
Players Stats for Tamiflu
Player Name G A P +/- PIM S H SB GA TA FO MP PP MP PK MP
------------------------------------------------------------------------------------
Ben Hanowski 0 0 0 0 0 4 2 0 0 0 0/1 12:17 0:00 0:00
Brett Bulmer 0 0 0 0 0 0 0 0 0 0 0/0 2:16 0:00 2:16
Casey Wellman 0 0 0 0 0 0 2 0 0 0 5/8 12:17 0:00 0:00
Colin Greening 0 0 0 -1 0 1 0 0 0 1 8/10 16:13 1:05 0:38
Garrett Wilson 0 0 0 0 0 0 1 0 0 0 0/0 9:23 0:00 2:01
Greg Mauldin 1 1 2 1 0 3 2 0 1 1 18/34 21:15 0:54 4:20
Greg McKegg 0 0 0 0 0 0 0 0 0 0 0/0 0:00 0:00 0:00
Jan Mursak 0 0 0 -1 0 3 1 0 1 0 0/0 15:35 1:05 0:00
Jerome Gauthier-Leduc 0 0 0 -1 0 0 0 0 0 0 0/0 2:21 0:00 0:00
Johan Fransson 0 1 1 1 4 4 1 1 1 0 0/0 17:59 0:25 2:27
Jonathan Sigalet 0 0 0 1 5 4 1 3 3 0 0/0 23:31 1:34 3:43
Jordan Hendry 0 0 0 0 0 0 3 2 1 1 0/0 26:10 1:34 4:00
Justin Braun 0 0 0 -1 2 2 1 2 1 1 0/0 9:56 0:00 0:39
Konrad Abeltshauser 0 0 0 0 0 0 0 0 0 0 0/0 1:41 0:00 1:41
Kyle Lawson 0 0 0 1 2 2 0 1 1 0 0/0 18:50 0:25 3:12
Mattias Tedenby 1 0 1 0 0 2 0 1 0 0 0/0 7:22 0:00 0:00
Mike Duco 0 0 0 -1 0 3 3 0 1 1 2/2 17:18 1:05 1:43
Nino Niederreiter 0 0 0 0 0 0 0 0 0 0 0/0 0:00 0:00 0:00
Petr Pohl 0 3 3 1 2 3 2 0 0 1 2/4 20:06 0:54 3:12
Philippe Dupuis 0 0 0 0 0 0 0 0 0 0 0/2 7:22 0:00 0:00
Rich Clune 0 0 0 0 0 2 1 0 0 0 0/0 12:17 0:00 0:00
Stefan Elliott 0 0 0 0 0 1 0 1 0 0 0/0 5:08 0:00 0:00
Teemu Laakso 0 0 0 0 0 0 0 0 0 1 0/0 5:08 0:00 0:00
Tye McGinn 1 0 1 1 2 1 2 1 1 1 0/0 18:20 0:54 1:32
Zach Trotman 0 0 0 -1 0 0 0 0 0 1 0/0 9:18 0:00 0:00
3 Stars
1 - Tyler Bozak (Alm)
2 - Damien Brunner (Alm)
3 - Lukas Krajicek (Alm)
Power Play
Diables - 2 on 6 Attempt(s) - 33,33%
Tamiflu - 0 on 1 Attempt(s) - 0,00%
Penalty Kill
Diables - 1 on 1 Attempt(s) - 100,00%
- Score 0 goal in Penalty Kill
Tamiflu - 4 on 6 Attempt(s) - 66,67%
- Score 0 goal in Penalty Kill
Team Stat
Diables - Hits : 15 - Faceoff Wins : 26 - Blocked Shots : 12 - Penalty Minutes : 7
Tamiflu - Hits : 22 - Faceoff Wins : 35 - Blocked Shots : 12 - Penalty Minutes : 17
Official
Referees : StLaurent Francois and Martell Rob
Linesman : Jean Morin and Mark Shewchyk
Game Notes
Jonathan Sigalet and Brandon Prust fight to a draw at 10:41 of 3rd period
Finance
Level 1 -- Attendance: 1494 (74,70%) -- Ticket Income 44 820 $
Level 2 -- Attendance: 779 (77,90%) -- Ticket Income 9 348 $
Total Attendance: 2273 (75,77%)
Total Ticket Income: 54 168 $
Other Income: 2 708 $
Total Income: 56 876 $
Diables
5 vs 5 Forward
Center Left Wing Right Wing Time % Phy DF OF
1 Tyler Bozak Brandon Prust Damien Brunner 40 1 2 2
2 Jamie Arniel Kellan Lain Steve Quailer 30 1 2 2
3 Craig Smith Pierre-Cédric Labrie Tomas Kubalik 20 1 2 2
4 Riley Sheahan Taylor Beck Benn Ferriero 10 1 2 2
5 vs 5 Defense
Defense Defense Time % Phy DF OF
1 Lukas Krajicek Jared Cowen 40 1 2 2
2 Dustin Kohn Tyler Cuma 30 1 2 2
3 Matt Jones Pavel Valentenko 20 1 2 2
4 Brian Dumoulin Josh Meyers 10 1 2 2
PowerPlay Forward
Center Left Wing Right Wing Time % Phy DF OF
1 Tyler Bozak Kellan Lain Damien Brunner 60 1 2 2
2 Craig Smith Brandon Prust Benn Ferriero 40 1 2 2
PowerPlay Defense
Defense Defense Time % Phy DF OF
1 Dustin Kohn Jared Cowen 60 1 2 2
2 Lukas Krajicek Tyler Cuma 40 1 2 2
Penalty Kill 4 Players Forward
Center Wing Time % Phy DF OF
1 Jamie Arniel Damien Brunner 60 1 2 2
2 Tyler Bozak Kellan Lain 40 1 2 2
Penalty Kill 4 Players Defense
Defense Defense Time % Phy DF OF
1 Jared Cowen Matt Jones 60 1 2 2
2 Dustin Kohn Lukas Krajicek 40 1 2 2
Penalty Kill - 3 Players Forward
Forward Time % Phy DF OF
1 Jamie Arniel 60 1 2 2
2 Damien Brunner 40 1 2 2
Penalty Kill - 3 Players Defense
Defense Defense Time % Phy DF OF
1 Lukas Krajicek Jared Cowen 60 1 2 2
2 Dustin Kohn Tyler Cuma 40 1 2 2
4 vs 4 Forward
Center Wing Time % Phy DF OF
1 Jamie Arniel Damien Brunner 60 1 2 2
2 Tyler Bozak Kellan Lain 40 1 2 2
4 vs 4 Defense
Defense Defense Time % Phy DF OF
1 Lukas Krajicek Matt Jones 60 1 2 2
2 Dustin Kohn Tyler Cuma 40 1 2 2
Last Minutes Offensive
Center Left Wing Right Wing Defense Defense
Tyler Bozak Brandon Prust Damien Brunner Lukas Krajicek Jared Cowen
Last Minutes Defensive
Center Left Wing Right Wing Defense Defense
Tyler Bozak Kellan Lain Damien Brunner Lukas Krajicek Jared Cowen
Goaltenders
Starting : Marek Mazanek
Backup : Frederik Andersen
Extra Forwards
Normal : Craig Smith, Pierre-Cédric Labrie, Tomas Kubalik - PP : Craig Smith, Pierre-Cédric Labrie - PK : Tomas Kubalik
Extra Defensemen
Normal : Josh Meyers, Pavel Valentenko, Brian Dumoulin - PP : Josh Meyers - PK : Pavel Valentenko, Brian Dumoulin
Penalty Shots
Craig Smith, Damien Brunner, Kellan Lain, Tyler Bozak, Jamie Arniel
Tamiflu
5 vs 5 Forward
Center Left Wing Right Wing Time % Phy DF OF
1 Greg Mauldin Tye McGinn Petr Pohl 40 1 2 2
2 Colin Greening Jan Mursak Mike Duco 30 1 2 2
3 Casey Wellman Rich Clune Ben Hanowski 20 1 2 2
4 Philippe Dupuis Garrett Wilson Mattias Tedenby 10 1 2 2
5 vs 5 Defense
Defense Defense Time % Phy DF OF
1 Jonathan Sigalet Jordan Hendry 40 1 2 2
2 Johan Fransson Kyle Lawson 30 1 2 2
3 Justin Braun Zach Trotman 20 1 2 2
4 Teemu Laakso Stefan Elliott 10 1 2 2
PowerPlay Forward
Center Left Wing Right Wing Time % Phy DF OF
1 Greg Mauldin Tye McGinn Petr Pohl 60 1 2 2
2 Colin Greening Jan Mursak Mike Duco 40 1 2 2
PowerPlay Defense
Defense Defense Time % Phy DF OF
1 Jonathan Sigalet Jordan Hendry 60 1 2 2
2 Johan Fransson Kyle Lawson 40 1 2 2
Penalty Kill 4 Players Forward
Center Wing Time % Phy DF OF
1 Greg Mauldin Petr Pohl 60 1 2 2
2 Mike Duco Tye McGinn 40 1 2 2
Penalty Kill 4 Players Defense
Defense Defense Time % Phy DF OF
1 Jonathan Sigalet Jordan Hendry 60 1 2 2
2 Johan Fransson Kyle Lawson 40 1 2 2
Penalty Kill - 3 Players Forward
Forward Time % Phy DF OF
1 Greg Mauldin 60 1 2 2
2 Petr Pohl 40 1 2 2
Penalty Kill - 3 Players Defense
Defense Defense Time % Phy DF OF
1 Jonathan Sigalet Jordan Hendry 60 1 2 2
2 Johan Fransson Kyle Lawson 40 1 2 2
4 vs 4 Forward
Center Wing Time % Phy DF OF
1 Greg Mauldin Petr Pohl 60 1 2 2
2 Mike Duco Tye McGinn 40 1 2 2
4 vs 4 Defense
Defense Defense Time % Phy DF OF
1 Jonathan Sigalet Jordan Hendry 60 1 2 2
2 Johan Fransson Kyle Lawson 40 1 2 2
Last Minutes Offensive
Center Left Wing Right Wing Defense Defense
Greg Mauldin Tye McGinn Petr Pohl Jonathan Sigalet Jordan Hendry
Last Minutes Defensive
Center Left Wing Right Wing Defense Defense
Greg Mauldin Tye McGinn Petr Pohl Jonathan Sigalet Jordan Hendry
Goaltenders
Starting : Thomas Greiss
Backup : Joe Fallon
Extra Forwards
Normal : Nino Niederreiter, Greg McKegg, Brett Bulmer - PP : Nino Niederreiter, Greg McKegg - PK : Brett Bulmer
Extra Defensemen
Normal : Jerome Gauthier-Leduc, Konrad Abeltshauser, Justin Braun - PP : Jerome Gauthier-Leduc - PK : Konrad Abeltshauser, Justin Braun
Penalty Shots
Greg Mauldin, Petr Pohl, Mike Duco, Tye McGinn, Ben Hanowski
% Time on Ice - Diables
Lines # - Real PCT - Wanted PCT - Time Play
Normal Forward
1 - 34% - 40% - 16:58
2 - 28% - 30% - 14:12
3 - 20% - 20% - 10:09
4 - 18% - 10% - 8:51
Normal Defense
1 - 40% - 40% - 20:00
2 - 31% - 30% - 15:34
3 - 18% - 20% - 9:08
4 - 11% - 10% - 5:28
PP Forward
1 - 63% - 60% - 4:57
2 - 37% - 40% - 2:54
PP Defense
1 - 64% - 60% - 5:02
2 - 36% - 40% - 2:49
PK Forward
1 - 94% - 60% - 1:52
2 - 6% - 40% - 0:07
PK Defense
1 - 54% - 60% - 1:04
2 - 46% - 40% - 0:55
PK3 Forward
1 - 0% - 60%
2 - 0% - 40%
PK3 Defense
1 - 0% - 60%
2 - 0% - 40%
44 Forward
1 - 0% - 60%
2 - 0% - 40%
44 Defense
1 - 0% - 60%
2 - 0% - 40%
Last Minute Offensive - 0:00
Last Minute Defensive - 0:00
Total
Forward - 60:00
Defense - 60:00
|
% Time on Ice - Tamiflu
Lines # - Real PCT - Wanted PCT - Time Play
Normal Forward
1 - 32% - 40% - 16:01
2 - 29% - 30% - 14:30
3 - 24% - 20% - 12:17
4 - 15% - 10% - 7:22
Normal Defense
1 - 41% - 40% - 20:36
2 - 30% - 30% - 15:08
3 - 19% - 20% - 9:18
4 - 10% - 10% - 5:08
PP Forward
1 - 45% - 60% - 0:54
2 - 55% - 40% - 1:05
PP Defense
1 - 79% - 60% - 1:34
2 - 21% - 40% - 0:25
PK Forward
1 - 78% - 60% - 6:08
2 - 22% - 40% - 1:43
PK Defense
1 - 51% - 60% - 4:00
2 - 49% - 40% - 3:51
PK3 Forward
1 - 0% - 60%
2 - 0% - 40%
PK3 Defense
1 - 0% - 60%
2 - 0% - 40%
44 Forward
1 - 0% - 60%
2 - 0% - 40%
44 Defense
1 - 0% - 60%
2 - 0% - 40%
Last Minute Offensive - 0:00
Last Minute Defensive - 0:00
Total
Forward - 60:00
Defense - 60:00
|
Play by Play
1st period
0:01 of 1st period - Greg Mauldin wins face-off versus Tyler Bozak in neutral zone.
0:26 of 1st period - Jonathan Sigalet is hit by Steve Quailer and loses puck.
0:33 of 1st period - Snap shot by Kellan Lain.
0:33 of 1st period - Stopped by Thomas Greiss with a rebound.
0:40 of 1st period - Off-side.
0:41 of 1st period - Craig Smith wins face-off versus Casey Wellman in neutral zone.
1:39 of 1st period - Backhand shot by Damien Brunner.
1:39 of 1st period - Shot Blocked by Justin Braun.
2:01 of 1st period - Wrist shot by Jan Mursak.
2:01 of 1st period - Shot Blocked by Jared Cowen.
3:19 of 1st period - Snap shot by Kellan Lain.
3:19 of 1st period - Stopped by Thomas Greiss with a rebound.
3:21 of 1st period - Snap shot by Jamie Arniel.
3:21 of 1st period - Shot Misses the Net.
3:33 of 1st period - Slapshot by Ben Hanowski.
3:33 of 1st period - Shot Blocked by Matt Jones.
3:35 of 1st period - Slapshot by Jonathan Sigalet.
3:35 of 1st period - Stopped by Marek Mazanek without a rebound.
3:36 of 1st period - Casey Wellman wins face-off versus Tyler Bozak in Diables zone.
3:39 of 1st period - Slapshot by Ben Hanowski.
3:39 of 1st period - Stopped by Marek Mazanek with a rebound.
4:12 of 1st period - Wrist shot by Petr Pohl.
4:12 of 1st period - Shot Misses the Net.
4:14 of 1st period - Slapshot by Johan Fransson.
4:14 of 1st period - Shot Blocked by Tyler Cuma.
5:44 of 1st period - Minor Penalty to Tye McGinn for Goalie Interference.
5:45 of 1st period - Tyler Bozak wins face-off versus Greg Mauldin in Tamiflu zone.
6:28 of 1st period - Slapshot by Tyler Bozak.
6:28 of 1st period - Goal by Tyler Bozak - Diables : 1 - Tamiflu : 0.
6:29 of 1st period - Greg Mauldin wins face-off versus Craig Smith in neutral zone.
6:43 of 1st period - Greg Mauldin is hit by Matt Jones and loses puck.
7:03 of 1st period - Wrist shot by Jan Mursak.
7:03 of 1st period - Shot Misses the Net.
7:14 of 1st period - Icing by Lukas Krajicek.
7:15 of 1st period - Casey Wellman wins face-off versus Steve Quailer in Diables zone.
7:40 of 1st period - Slapshot by Tomas Kubalik.
7:40 of 1st period - Shot Misses the Net.
7:44 of 1st period - Snap shot by Tomas Kubalik.
7:44 of 1st period - Shot Blocked by Jonathan Sigalet.
7:46 of 1st period - Snap shot by Lukas Krajicek.
7:46 of 1st period - Stopped by Thomas Greiss without a rebound.
7:47 of 1st period - Greg Mauldin wins face-off versus Craig Smith in Tamiflu zone.
9:23 of 1st period - Damien Brunner is hit by Petr Pohl and loses puck.
9:28 of 1st period - Wrist shot by Petr Pohl.
9:28 of 1st period - Stopped by Marek Mazanek with a rebound.
9:30 of 1st period - Slapshot by Jonathan Sigalet.
9:30 of 1st period - Stopped by Marek Mazanek without a rebound.
9:31 of 1st period - Colin Greening wins face-off versus Jamie Arniel in Diables zone.
9:40 of 1st period - Slapshot by Jan Mursak.
9:40 of 1st period - Shot Misses the Net.
9:56 of 1st period - Tye McGinn is hit by Damien Brunner and loses puck.
10:15 of 1st period - Snap shot by Mattias Tedenby.
10:15 of 1st period - Goal by Mattias Tedenby - Diables : 1 - Tamiflu : 1.
10:16 of 1st period - Greg Mauldin wins face-off versus Tyler Bozak in neutral zone.
10:45 of 1st period - Snap shot by Steve Quailer.
10:45 of 1st period - Shot Blocked by Jordan Hendry.
10:47 of 1st period - Slapshot by Jared Cowen.
10:47 of 1st period - Deflect By Jordan Hendry.
10:47 of 1st period - Stopped by Thomas Greiss without a rebound.
10:48 of 1st period - Mike Duco wins face-off versus Jamie Arniel in Tamiflu zone.
11:19 of 1st period - Snap shot by Mike Duco.
11:19 of 1st period - Shot Misses the Net.
11:21 of 1st period - Snap shot by Mike Duco.
11:21 of 1st period - Stopped by Marek Mazanek with a rebound.
11:43 of 1st period - Snap shot by Mike Duco.
11:43 of 1st period - Shot Misses the Net.
11:45 of 1st period - Slapshot by Justin Braun.
11:45 of 1st period - Stopped by Marek Mazanek with a rebound.
11:47 of 1st period - Slapshot by Mike Duco.
11:47 of 1st period - Shot Misses the Net.
11:49 of 1st period - Snap shot by Jan Mursak.
11:49 of 1st period - Shot Misses the Net.
12:44 of 1st period - Wrist shot by Jan Mursak.
12:44 of 1st period - Stopped by Marek Mazanek without a rebound.
12:45 of 1st period - Tyler Bozak wins face-off versus Greg Mauldin in Diables zone.
12:45 of 1st period - Tyler Bozak is hit by Tye McGinn.
13:10 of 1st period - Rich Clune is hit by Craig Smith and loses puck.
13:19 of 1st period - Wrist shot by Ben Hanowski.
13:19 of 1st period - Stopped by Marek Mazanek with a rebound.
13:36 of 1st period - Kyle Lawson is hit by Taylor Beck and loses puck.
13:44 of 1st period - Slapshot by Matt Jones.
13:44 of 1st period - Shot Blocked by Mattias Tedenby.
13:58 of 1st period - Snap shot by Tyler Bozak.
13:58 of 1st period - Deflect By Mattias Tedenby.
13:58 of 1st period - Shot Blocked by Johan Fransson.
13:58 of 1st period - Puck is out of play.
13:59 of 1st period - Tyler Bozak wins face-off versus Greg Mauldin in Tamiflu zone.
14:02 of 1st period - Wrist shot by Damien Brunner.
14:02 of 1st period - Shot Misses the Net.
14:14 of 1st period - Slapshot by Greg Mauldin.
14:14 of 1st period - Stopped by Marek Mazanek with a rebound.
14:27 of 1st period - Wrist shot by Ben Hanowski.
14:27 of 1st period - Stopped by Marek Mazanek without a rebound.
14:28 of 1st period - Casey Wellman wins face-off versus Craig Smith in Diables zone.
14:42 of 1st period - Pierre-Cédric Labrie is hit by Casey Wellman and loses puck.
14:49 of 1st period - Backhand shot by Ben Hanowski.
14:49 of 1st period - Shot Blocked by Tyler Cuma.
14:55 of 1st period - Snap shot by Rich Clune.
14:55 of 1st period - Deflect By Pierre-Cédric Labrie.
14:55 of 1st period - Shot Misses the Net.
14:55 of 1st period - Puck is out of play.
14:56 of 1st period - Tyler Bozak wins face-off versus Petr Pohl in Diables zone.
15:07 of 1st period - Snap shot by Greg Mauldin.
15:07 of 1st period - Shot Misses the Net.
15:13 of 1st period - Kyle Lawson is hit by Lukas Krajicek and loses puck.
15:38 of 1st period - Snap shot by Greg Mauldin.
15:38 of 1st period - Shot Misses the Net.
16:04 of 1st period - Slapshot by Tye McGinn.
16:04 of 1st period - Goal by Tye McGinn - Diables : 1 - Tamiflu : 2.
16:05 of 1st period - Colin Greening wins face-off versus Tyler Bozak in neutral zone.
16:16 of 1st period - Snap shot by Jan Mursak.
16:16 of 1st period - Stopped by Marek Mazanek with a rebound.
16:40 of 1st period - Snap shot by Tomas Kubalik.
16:40 of 1st period - Stopped by Thomas Greiss with a rebound.
17:11 of 1st period - Slapshot by Benn Ferriero.
17:11 of 1st period - Stopped by Thomas Greiss without a rebound.
17:12 of 1st period - Colin Greening wins face-off versus Riley Sheahan in Tamiflu zone.
17:12 of 1st period - Colin Greening is hit by Benn Ferriero.
17:18 of 1st period - Tyler Cuma is hit by Jan Mursak and loses puck.
17:25 of 1st period - Stefan Elliott is hit by Taylor Beck and loses puck.
17:46 of 1st period - Slapshot by Dustin Kohn.
17:46 of 1st period - Shot Misses the Net.
17:48 of 1st period - Snap shot by Riley Sheahan.
17:48 of 1st period - Stopped by Thomas Greiss with a rebound.
17:52 of 1st period - Snap shot by Riley Sheahan.
17:52 of 1st period - Stopped by Thomas Greiss with a rebound.
18:06 of 1st period - Wrist shot by Benn Ferriero.
18:06 of 1st period - Stopped by Thomas Greiss without a rebound.
18:07 of 1st period - Tyler Bozak wins face-off versus Greg Mauldin in Tamiflu zone.
18:08 of 1st period - Wrist shot by Brandon Prust.
18:08 of 1st period - Stopped by Thomas Greiss without a rebound.
18:09 of 1st period - Tyler Bozak wins face-off versus Greg Mauldin in Tamiflu zone.
18:15 of 1st period - Minor Penalty to Kyle Lawson for Slashing.
18:16 of 1st period - Tyler Bozak wins face-off versus Greg Mauldin in Tamiflu zone.
Goals for this period are 1 for Diables vs 2 for Tamiflu.
Shots for this period are 11 for Diables vs 13 for Tamiflu.
2nd period
0:01 of 2nd period - Tyler Bozak wins face-off versus Greg Mauldin in neutral zone.
0:15 of 2nd period - Penalty to Kyle Lawson is over, Kyle Lawson is back on ice.
0:26 of 2nd period - Casey Wellman is hit by Craig Smith and loses puck.
0:53 of 2nd period - Icing by Mike Duco.
0:54 of 2nd period - Tyler Bozak wins face-off versus Colin Greening in Tamiflu zone.
1:16 of 2nd period - Brandon Prust is hit by Mike Duco and loses puck.
1:31 of 2nd period - Snap shot by Jan Mursak.
1:31 of 2nd period - Shot Misses the Net.
2:49 of 2nd period - Off-side.
2:50 of 2nd period - Jamie Arniel wins face-off versus Greg Mauldin in neutral zone.
2:52 of 2nd period - Off-side.
2:53 of 2nd period - Greg Mauldin wins face-off versus Kellan Lain in neutral zone.
3:00 of 2nd period - Wrist shot by Jonathan Sigalet.
3:00 of 2nd period - Deflect By Kellan Lain.
3:00 of 2nd period - Stopped by Marek Mazanek with a rebound.
3:52 of 2nd period - Matt Jones is hit by Jordan Hendry and loses puck.
4:00 of 2nd period - Icing by Riley Sheahan.
4:01 of 2nd period - Greg Mauldin wins face-off versus Jamie Arniel in Diables zone.
4:10 of 2nd period - Snap shot by Kellan Lain.
4:10 of 2nd period - Stopped by Thomas Greiss without a rebound.
4:11 of 2nd period - Greg Mauldin wins face-off versus Jamie Arniel in Tamiflu zone.
4:11 of 2nd period - Greg Mauldin is hit by Jamie Arniel.
4:21 of 2nd period - Wrist shot by Steve Quailer.
4:21 of 2nd period - Shot Blocked by Kyle Lawson.
4:49 of 2nd period - Snap shot by Craig Smith.
4:49 of 2nd period - Stopped by Thomas Greiss without a rebound.
4:50 of 2nd period - Craig Smith wins face-off versus Philippe Dupuis in Tamiflu zone.
5:16 of 2nd period - Brandon Prust is hit by Jordan Hendry and loses puck.
5:25 of 2nd period - Snap shot by Brandon Prust.
5:25 of 2nd period - Shot Misses the Net.
5:33 of 2nd period - Minor Penalty to Petr Pohl for Hooking.
5:34 of 2nd period - Greg Mauldin wins face-off versus Tyler Bozak in Tamiflu zone.
5:43 of 2nd period - Snap shot by Kellan Lain.
5:43 of 2nd period - Shot Misses the Net.
5:45 of 2nd period - Snap shot by Tyler Bozak.
5:45 of 2nd period - Stopped by Thomas Greiss with a rebound.
6:31 of 2nd period - Wrist shot by Tyler Bozak.
6:31 of 2nd period - Deflect By Benn Ferriero.
6:31 of 2nd period - Shot Blocked by Jonathan Sigalet.
6:31 of 2nd period - Puck is out of play.
6:32 of 2nd period - Colin Greening wins face-off versus Craig Smith in Tamiflu zone.
6:32 of 2nd period - Colin Greening is hit by Brandon Prust.
7:33 of 2nd period - Penalty to Petr Pohl is over, Petr Pohl is back on ice.
7:43 of 2nd period - Snap shot by Rich Clune.
7:43 of 2nd period - Stopped by Marek Mazanek without a rebound.
7:44 of 2nd period - Jamie Arniel wins face-off versus Ben Hanowski in Diables zone.
7:51 of 2nd period - Kellan Lain is hit by Rich Clune and loses puck.
8:20 of 2nd period - Icing by Jonathan Sigalet.
8:21 of 2nd period - Mike Duco wins face-off versus Craig Smith in Tamiflu zone.
8:41 of 2nd period - Snap shot by Mike Duco.
8:41 of 2nd period - Shot Misses the Net.
8:44 of 2nd period - Icing by Lukas Krajicek.
8:45 of 2nd period - Greg Mauldin wins face-off versus Tyler Bozak in Diables zone.
8:48 of 2nd period - Wrist shot by Petr Pohl.
8:48 of 2nd period - Shot Misses the Net.
8:50 of 2nd period - Slapshot by Johan Fransson.
8:50 of 2nd period - Shot Blocked by Jared Cowen.
8:58 of 2nd period - Tyler Bozak is hit by Greg Mauldin and loses puck.
9:14 of 2nd period - Icing by Tyler Bozak.
9:15 of 2nd period - Jamie Arniel wins face-off versus Casey Wellman in Diables zone.
10:07 of 2nd period - Slapshot by Brandon Prust.
10:07 of 2nd period - Goal by Brandon Prust - Diables : 2 - Tamiflu : 2.
10:08 of 2nd period - Greg Mauldin wins face-off versus Tyler Bozak in neutral zone.
10:11 of 2nd period - Snap shot by Johan Fransson.
10:11 of 2nd period - Deflect By Tyler Cuma.
10:11 of 2nd period - Stopped by Marek Mazanek with a rebound.
10:17 of 2nd period - Dustin Kohn is hit by Greg Mauldin and loses puck.
10:42 of 2nd period - Icing by Kyle Lawson.
10:43 of 2nd period - Casey Wellman wins face-off versus Tyler Bozak in Tamiflu zone.
11:00 of 2nd period - Slapshot by Rich Clune.
11:00 of 2nd period - Stopped by Marek Mazanek with a rebound.
11:02 of 2nd period - Snap shot by Ben Hanowski.
11:02 of 2nd period - Stopped by Marek Mazanek with a rebound.
11:04 of 2nd period - Slapshot by Johan Fransson.
11:04 of 2nd period - Stopped by Marek Mazanek with a rebound.
11:20 of 2nd period - Johan Fransson is hit by Brandon Prust and loses puck.
11:27 of 2nd period - Wrist shot by Kyle Lawson.
11:27 of 2nd period - Shot Blocked by Lukas Krajicek.
11:29 of 2nd period - Slapshot by Johan Fransson.
11:29 of 2nd period - Shot Blocked by Damien Brunner.
11:31 of 2nd period - Snap shot by Ben Hanowski.
11:31 of 2nd period - Shot Misses the Net.
11:48 of 2nd period - Slapshot by Casey Wellman.
11:48 of 2nd period - Shot Misses the Net.
11:50 of 2nd period - Slapshot by Kyle Lawson.
11:50 of 2nd period - Shot Misses the Net.
11:52 of 2nd period - Snap shot by Ben Hanowski.
11:52 of 2nd period - Shot Blocked by Brandon Prust.
11:54 of 2nd period - Wrist shot by Rich Clune.
11:54 of 2nd period - Shot Blocked by Lukas Krajicek.
12:10 of 2nd period - Snap shot by Casey Wellman.
12:10 of 2nd period - Shot Blocked by Tyler Bozak.
12:12 of 2nd period - Slapshot by Kyle Lawson.
12:12 of 2nd period - Stopped by Marek Mazanek with a rebound.
12:14 of 2nd period - Wrist shot by Kyle Lawson.
12:14 of 2nd period - Stopped by Marek Mazanek without a rebound.
12:15 of 2nd period - Jamie Arniel wins face-off versus Greg Mauldin in Diables zone.
12:44 of 2nd period - Slapshot by Tyler Cuma.
12:44 of 2nd period - Shot Misses the Net.
14:38 of 2nd period - Craig Smith is hit by Jonathan Sigalet and loses puck.
15:55 of 2nd period - Tyler Bozak is hit by Jordan Hendry and loses puck.
15:59 of 2nd period - Icing by Brandon Prust.
16:00 of 2nd period - Casey Wellman wins face-off versus Brandon Prust in Diables zone.
16:23 of 2nd period - Ben Hanowski is hit by Tomas Kubalik.
17:25 of 2nd period - Slapshot by Jordan Hendry.
17:25 of 2nd period - Deflect By Mike Duco.
17:25 of 2nd period - Shot Misses the Net.
17:25 of 2nd period - Puck is out of play.
17:26 of 2nd period - Colin Greening wins face-off versus Tyler Bozak in Diables zone.
17:37 of 2nd period - Snap shot by Mike Duco.
17:37 of 2nd period - Stopped by Marek Mazanek without a rebound.
17:38 of 2nd period - Greg Mauldin wins face-off versus Tyler Bozak in Diables zone.
17:41 of 2nd period - Snap shot by Greg Mauldin.
17:41 of 2nd period - Goal by Greg Mauldin - Diables : 2 - Tamiflu : 3.
17:42 of 2nd period - Greg Mauldin wins face-off versus Tyler Bozak in neutral zone.
17:55 of 2nd period - Slapshot by Greg Mauldin.
17:55 of 2nd period - Stopped by Marek Mazanek with a rebound.
18:07 of 2nd period - Kellan Lain is hit by Mike Duco and loses puck.
18:16 of 2nd period - Wrist shot by Jan Mursak.
18:16 of 2nd period - Shot Misses the Net.
18:28 of 2nd period - Snap shot by Craig Smith.
18:28 of 2nd period - Stopped by Thomas Greiss without a rebound.
18:29 of 2nd period - Craig Smith wins face-off versus Philippe Dupuis in Tamiflu zone.
18:32 of 2nd period - Wrist shot by Tomas Kubalik.
18:32 of 2nd period - Stopped by Thomas Greiss with a rebound.
18:42 of 2nd period - Slapshot by Craig Smith.
18:42 of 2nd period - Shot Blocked by Jonathan Sigalet.
18:44 of 2nd period - Wrist shot by Pierre-Cédric Labrie.
18:44 of 2nd period - Shot Misses the Net.
19:54 of 2nd period - Pierre-Cédric Labrie is hit by Johan Fransson and loses puck.
Goals for this period are 1 for Diables vs 1 for Tamiflu.
Shots for this period are 6 for Diables vs 11 for Tamiflu.
3rd period
0:01 of 3rd period - Tyler Bozak wins face-off versus Greg Mauldin in neutral zone.
0:26 of 3rd period - Jamie Arniel is hit by Mike Duco and loses puck.
0:57 of 3rd period - Slapshot by Lukas Krajicek.
0:57 of 3rd period - Goal by Lukas Krajicek - Diables : 3 - Tamiflu : 3.
0:58 of 3rd period - Tyler Bozak wins face-off versus Greg Mauldin in neutral zone.
1:09 of 3rd period - Tyler Cuma is hit by Petr Pohl and loses puck.
2:37 of 3rd period - Wrist shot by Jamie Arniel.
2:37 of 3rd period - Stopped by Thomas Greiss with a rebound.
4:05 of 3rd period - Minor Penalty to Jared Cowen for Holding.
4:06 of 3rd period - Jamie Arniel wins face-off versus Greg Mauldin in Diables zone.
4:18 of 3rd period - Snap shot by Damien Brunner.
4:18 of 3rd period - Shot Misses the Net.
4:20 of 3rd period - Snap shot by Jamie Arniel.
4:20 of 3rd period - Stopped by Thomas Greiss with a rebound.
4:22 of 3rd period - Wrist shot by Damien Brunner.
4:22 of 3rd period - Stopped by Thomas Greiss without a rebound.
4:23 of 3rd period - Colin Greening wins face-off versus Jamie Arniel in Tamiflu zone.
4:32 of 3rd period - Slapshot by Jonathan Sigalet.
4:32 of 3rd period - Deflect By Damien Brunner.
4:32 of 3rd period - Stopped by Marek Mazanek without a rebound.
4:33 of 3rd period - Colin Greening wins face-off versus Jamie Arniel in Diables zone.
4:42 of 3rd period - Slapshot by Jan Mursak.
4:42 of 3rd period - Stopped by Marek Mazanek with a rebound.
4:44 of 3rd period - Snap shot by Jan Mursak.
4:44 of 3rd period - Shot Blocked by Matt Jones.
4:55 of 3rd period - Slapshot by Mike Duco.
4:55 of 3rd period - Stopped by Marek Mazanek without a rebound.
4:56 of 3rd period - Greg Mauldin wins face-off versus Jamie Arniel in Diables zone.
4:57 of 3rd period - Wrist shot by Petr Pohl.
4:57 of 3rd period - Shot Blocked by Lukas Krajicek.
4:59 of 3rd period - Backhand shot by Petr Pohl.
4:59 of 3rd period - Stopped by Marek Mazanek without a rebound.
5:00 of 3rd period - Greg Mauldin wins face-off versus Jamie Arniel in Diables zone.
6:05 of 3rd period - Penalty to Jared Cowen is over, Jared Cowen is back on ice.
6:23 of 3rd period - Snap shot by Riley Sheahan.
6:23 of 3rd period - Stopped by Thomas Greiss with a rebound.
6:33 of 3rd period - Kyle Lawson is hit by Josh Meyers and loses puck.
7:19 of 3rd period - Snap shot by Benn Ferriero.
7:19 of 3rd period - Shot Blocked by Stefan Elliott.
7:21 of 3rd period - Slapshot by Riley Sheahan.
7:21 of 3rd period - Shot Misses the Net.
7:25 of 3rd period - Snap shot by Riley Sheahan.
7:25 of 3rd period - Stopped by Thomas Greiss with a rebound.
7:39 of 3rd period - Wrist shot by Jan Mursak.
7:39 of 3rd period - Shot Misses the Net.
7:41 of 3rd period - Wrist shot by Colin Greening.
7:41 of 3rd period - Stopped by Marek Mazanek with a rebound.
7:43 of 3rd period - Slapshot by Stefan Elliott.
7:43 of 3rd period - Stopped by Marek Mazanek without a rebound.
7:44 of 3rd period - Jamie Arniel wins face-off versus Colin Greening in Diables zone.
8:09 of 3rd period - Tomas Kubalik is hit by Ben Hanowski and loses puck.
8:35 of 3rd period - Damien Brunner is hit by Garrett Wilson and loses puck.
9:24 of 3rd period - Lukas Krajicek is hit by Casey Wellman.
9:42 of 3rd period - Snap shot by Craig Smith.
9:42 of 3rd period - Stopped by Thomas Greiss with a rebound.
9:44 of 3rd period - Wrist shot by Tomas Kubalik.
9:44 of 3rd period - Stopped by Thomas Greiss without a rebound.
9:45 of 3rd period - Greg Mauldin wins face-off versus Tyler Bozak in Tamiflu zone.
9:52 of 3rd period - Wrist shot by Tyler Bozak.
9:52 of 3rd period - Shot Misses the Net.
9:54 of 3rd period - Slapshot by Dustin Kohn.
9:54 of 3rd period - Stopped by Thomas Greiss with a rebound.
9:56 of 3rd period - Wrist shot by Tyler Bozak.
9:56 of 3rd period - Stopped by Thomas Greiss with a rebound.
9:58 of 3rd period - Slapshot by Tyler Cuma.
9:58 of 3rd period - Deflect By Damien Brunner.
9:58 of 3rd period - Shot Misses the Net.
9:58 of 3rd period - Puck is out of play.
9:59 of 3rd period - Brandon Prust wins face-off versus Greg Mauldin in Tamiflu zone.
10:15 of 3rd period - Off-side.
10:16 of 3rd period - Colin Greening wins face-off versus Jamie Arniel in neutral zone.
10:26 of 3rd period - Off-side.
10:27 of 3rd period - Tyler Bozak wins face-off versus Greg Mauldin in neutral zone.
10:41 of 3rd period - Jonathan Sigalet and Brandon Prust fight to a draw.
10:41 of 3rd period - Penalty to Jonathan Sigalet for Fighting.
10:41 of 3rd period - Penalty to Brandon Prust for Fighting.
10:42 of 3rd period - Petr Pohl wins face-off versus Tyler Bozak in Tamiflu zone.
10:57 of 3rd period - Snap shot by Tyler Bozak.
10:57 of 3rd period - Stopped by Thomas Greiss with a rebound.
11:50 of 3rd period - Snap shot by Taylor Beck.
11:50 of 3rd period - Stopped by Thomas Greiss with a rebound.
12:37 of 3rd period - Slapshot by Johan Fransson.
12:37 of 3rd period - Stopped by Marek Mazanek with a rebound.
13:20 of 3rd period - Wrist shot by Kellan Lain.
13:20 of 3rd period - Stopped by Thomas Greiss with a rebound.
13:22 of 3rd period - Wrist shot by Steve Quailer.
13:22 of 3rd period - Shot Misses the Net.
13:34 of 3rd period - Backhand shot by Casey Wellman.
13:34 of 3rd period - Shot Misses the Net.
13:36 of 3rd period - Snap shot by Ben Hanowski.
13:36 of 3rd period - Deflect By Casey Wellman.
13:36 of 3rd period - Shot Misses the Net.
13:36 of 3rd period - Puck is out of play.
13:37 of 3rd period - Riley Sheahan wins face-off versus Casey Wellman in Diables zone.
13:37 of 3rd period - Riley Sheahan is hit by Ben Hanowski.
13:48 of 3rd period - Lukas Krajicek is hit by Justin Braun and loses puck.
13:59 of 3rd period - Minor Penalty to Justin Braun for Goalie Interference.
14:00 of 3rd period - Tyler Bozak wins face-off versus Greg Mauldin in Tamiflu zone.
14:01 of 3rd period - Snap shot by Kellan Lain.
14:01 of 3rd period - Stopped by Thomas Greiss without a rebound.
14:02 of 3rd period - Petr Pohl wins face-off versus Tyler Bozak in Tamiflu zone.
14:16 of 3rd period - Snap shot by Tyler Bozak.
14:16 of 3rd period - Goal by Tyler Bozak - Diables : 4 - Tamiflu : 3.
14:17 of 3rd period - Tyler Bozak wins face-off versus Greg Mauldin in neutral zone.
14:20 of 3rd period - Snap shot by Craig Smith.
14:20 of 3rd period - Deflect By Damien Brunner.
14:20 of 3rd period - Stopped by Thomas Greiss with a rebound.
14:22 of 3rd period - Slapshot by Jared Cowen.
14:22 of 3rd period - Shot Blocked by Tye McGinn.
14:24 of 3rd period - Backhand shot by Lukas Krajicek.
14:24 of 3rd period - Stopped by Thomas Greiss with a rebound.
14:26 of 3rd period - Slapshot by Lukas Krajicek.
14:26 of 3rd period - Shot Misses the Net.
14:28 of 3rd period - Backhand shot by Lukas Krajicek.
14:28 of 3rd period - Shot Blocked by Jordan Hendry.
14:32 of 3rd period - Slapshot by Craig Smith.
14:32 of 3rd period - Goal by Craig Smith - Diables : 5 - Tamiflu : 3.
14:33 of 3rd period - Greg Mauldin wins face-off versus Tyler Bozak in neutral zone.
14:38 of 3rd period - Tyler Bozak is hit by Tye McGinn and loses puck.
15:12 of 3rd period - Slapshot by Kyle Lawson.
15:12 of 3rd period - Shot Misses the Net.
15:24 of 3rd period - Rich Clune is hit by Damien Brunner and loses puck.
15:44 of 3rd period - Off-side.
15:45 of 3rd period - Greg Mauldin wins face-off versus Riley Sheahan in neutral zone.
15:52 of 3rd period - Snap shot by Greg Mauldin.
15:52 of 3rd period - Shot Misses the Net.
15:54 of 3rd period - Snap shot by Petr Pohl.
15:54 of 3rd period - Stopped by Marek Mazanek with a rebound.
15:56 of 3rd period - Wrist shot by Justin Braun.
15:56 of 3rd period - Deflect By Benn Ferriero.
15:56 of 3rd period - Stopped by Marek Mazanek without a rebound.
15:57 of 3rd period - Greg Mauldin wins face-off versus Craig Smith in Diables zone.
16:46 of 3rd period - Snap shot by Mattias Tedenby.
16:46 of 3rd period - Shot Misses the Net.
16:52 of 3rd period - Wrist shot by Mattias Tedenby.
16:52 of 3rd period - Stopped by Marek Mazanek with a rebound.
16:54 of 3rd period - Slapshot by Johan Fransson.
16:54 of 3rd period - Stopped by Marek Mazanek with a rebound.
17:07 of 3rd period - Double Minor Penalty to Johan Fransson for Slashing.
17:08 of 3rd period - Tyler Bozak wins face-off versus Petr Pohl in Tamiflu zone.
19:05 of 3rd period - Snap shot by Pierre-Cédric Labrie.
19:05 of 3rd period - Shot Misses the Net.
19:13 of 3rd period - Snap shot by Tomas Kubalik.
19:13 of 3rd period - Shot Blocked by Justin Braun.
Goals for this period are 3 for Diables vs 0 for Tamiflu.
Shots for this period are 18 for Diables vs 11 for Tamiflu.
Back to the Top